 Dungeon Crawl Stone Soup version 0.18-a0-1285-g60d00e1 (webtiles) character file.

1983 Duffy the Arsonist (level 9, -2/49 HPs)
             Began as a Deep Elf Fire Elementalist on Feb 8, 2016.
             Was a Priest of Cheibriados.
             Slain by Borgoz's ghost (4 damage)
             ... on level 7 of the Dungeon.
             The game lasted 00:10:42 (6956 turns).

Duffy the Arsonist (Deep Elf Fire Elementalist)     Turns: 6956, Time: 00:10:42

Health: -2/49      AC:  8    Str: 13    XL:     9   Next: 1%
Magic:  9/19       EV: 14    Int: 32    God:    Cheibriados [***...]
Gold:   297        SH:  0    Dex: 23    Spells: 4 memorised, 6 levels left

rFire  . . .     SeeInvis .     r - +0 blowgun
rCold  . . .     Gourm    .     S - +0 ring mail
rNeg   . . .     Faith    .     (no shield)
rPois  .         Spirit   .     K - +0 helmet
rElec  .         Dismiss  .     I - +0 cloak
rCorr  +         Reflect  .     h - +0 pair of gloves
SustAt .         Harm     .     (no boots)
MR     .....                    f - amulet of magic regeneration
Stlth  ++........               F - ring of resist corrosion
                                g - -6 ring of slaying (curse)

@: very slow, not resistant to hostile enchantments, unstealthy
A: no striking features
a: Bend Time, Temporal Distortion, Renounce Religion


You were on level 7 of the Dungeon.
You worshipped Cheibriados.
Cheibriados was most pleased with you.
You were not hungry.

You visited 2 branches of the dungeon, and saw 8 of its levels.

You collected 333 gold pieces.
You spent 36 gold pieces at shops.


   Skills:
 + Level 2.6 Fighting
 + Level 5.0 Dodging
 - Level 2.4 Stealth
 - Level 5.5 Spellcasting
 - Level 8.0 Conjurations
 - Level 8.0 Fire Magic


You had 6 spell levels left.
You knew the following spells:

 Your Spells              Type           Power        Failure   Level  Hunger
a - Flame Tongue          Conj/Fire      #####        1%          1    None
j - Sticky Flame          Conj/Fire      ######..     4%          4    ###....
k - Fireball              Conj/Fire      ######....   14%         5    #####..
l - Conjure Flame         Conj/Fire      ######..     1%          3    None

Inventory:

Hand Weapons
 r - a +0 blowgun (weapon)
Missiles
 A - a throwing net
 D - 48 poisoned needles (quivered)
Armour
 a - a +0 robe
 h - a +0 pair of gloves (worn)
 s - a +0 helmet
 I - a +0 cloak (worn)
 K - a +0 helmet (worn)
 S - a +0 ring mail (worn)
Jewellery
 f - an amulet of magic regeneration (around neck)
 g - a cursed -6 ring of slaying (left hand)
 p - an uncursed ring of flight
 F - a ring of resist corrosion (right hand)
 N - an uncursed amulet of faith {unknown}
Wands
 Q - a wand of enslavement (12/24)
 T - a wand of polymorph (14/24)
Scrolls
 d - 4 scrolls of identify {unknown}
 e - a scroll of magic mapping {unknown}
 j - a scroll of fear {unknown}
 k - 4 scrolls of teleportation {unknown}
 q - 2 scrolls of blinking {unknown}
 t - 2 scrolls of enchant armour {unknown}
 w - 2 scrolls of recharging {unknown}
 y - a scroll of random uselessness {unknown}
 z - 3 scrolls of remove curse {unknown}
 G - a scroll of noise {unknown}
 H - a scroll of fog {unknown}
 L - 2 scrolls of enchant weapon {unknown}
 M - a scroll of immolation {unknown}
 R - a scroll of vulnerability {unknown}
Potions
 l - a potion of invisibility {unknown}
 m - a potion of lignification
 n - 5 potions of brilliance {unknown}
 o - 2 potions of magic {unknown}
 u - 3 potions of curing {unknown}
 B - 2 potions of berserk rage {unknown}
 C - 2 potions of agility {unknown}
 E - a potion of flight {unknown}
 J - a potion of mutation {unknown}
Books
 b - a book of Flames
 x - Vuotis's Almanac of Vitriolic Changing

   Spells                             Type                      Level
   a - Beastly Appendage              Transmutation                1
   b - Sticks to Snakes               Transmutation                2
   c - Mephitic Cloud                 Conjuration/Poison/Air       3
   d - Ice Form                       Ice/Transmutation            4
   e - Olgreb's Toxic Radiance        Poison                       4
   f - Statue Form                    Transmutation/Earth          6
Comestibles
 c - 4 bread rations
 i - 4 meat rations
 v - 2 beef jerkies
 O - 2 chunks of flesh
 P - 4 fruits

Dungeon Overview and Level Annotations

Branches:
Dungeon (7/15)             Temple (1/1) D:6

Altars:
Cheibriados
Dithmenos
Elyvilon
Fedhas
Gozag
Kikubaaqudgha
Makhleb
Nemelex Xobeh
Okawaru
Pakellas
Qazlal
Sif Muna
Trog
Vehumet
Xom
Yredelemnul
The Shining One

Shops:
D:4 !

Annotations:
D:7 Borgoz's ghost, novice HOAK


Message History

Aiming: Flame Tongue
Press: ? - help, Shift-Dir - straight line, f/p - Borgoz's ghost
Aim: Borgoz's ghost, wielding a weapon of flaming The flame tongue hits Borgoz's ghost.
Borgoz's ghost is lightly damaged.
Borgoz's ghost hits you. Borgoz's ghost burns you.
Cast which spell? (? or * to list)
Aiming: Flame Tongue
Press: ? - help, Shift-Dir - straight line, f/p - Borgoz's ghost
Aim: Borgoz's ghost, wielding a weapon of flaming (lightly damaged)
The flame tongue hits Borgoz's ghost.
Borgoz's ghost is lightly damaged.
Borgoz's ghost closely misses you.
Cast which spell? (? or * to list)
Aiming: Flame Tongue
Press: ? - help, Shift-Dir - straight line, f/p - Borgoz's ghost
Aim: Borgoz's ghost, wielding a weapon of flaming (lightly damaged)
The flame tongue hits Borgoz's ghost.
Borgoz's ghost is lightly damaged.
Borgoz's ghost screams, "What do you have that I didn't have?"
Borgoz's ghost hits you! Borgoz's ghost burns you. Borgoz's ghost misses you.
Cast which spell? (? or * to list)
Aiming: Conjure Flame
Press: ? - help, Dir - move target cursor, f/p - Borgoz's ghost
Aim: Borgoz's ghost, wielding a weapon of flaming (lightly damaged)
Okay, then.
Cast which spell? (? or * to list)
Aiming: Flame Tongue
Press: ? - help, Shift-Dir - straight line, f/p - Borgoz's ghost
Aim: Borgoz's ghost, wielding a weapon of flaming (lightly damaged)
The flame tongue hits Borgoz's ghost.
Borgoz's ghost is moderately damaged.
Borgoz's ghost hits you! Borgoz's ghost burns you.
You die...

#.................#...........
#.................###.#....#.
##..........##....#######....
........###.##....#...#
.######......'....#...#
#.###.##....#...# #.#
#.####.##)..## #.#
#.##.W..))...# #.#
#.##@#####'#.# . #.#
#.##.#####.#.#.... ..#
#................. ..
####.#####.#.##.#. ...# #.....
.....# #......# ........
......... ......## #.####.!.
...... #.. .#.


You could see Borgoz's ghost.

Action                   |  1- 3 |  4- 6 |  7- 9 || total
-------------------------+-------+-------+-------++-------
 Fire: Blowgun           |       |       |     4 ||     4
 Cast: Flame Tongue      |    26 |    71 |   308 ||   405
       Conjure Flame     |       |     2 |     6 ||     8
       Sticky Flame      |       |       |     3 ||     3
 Stab: Sleeping          |       |       |     1 ||     1
  Eat: Chunk             |       |     2 |    10 ||    12
       Pizza             |       |       |     1 ||     1

Notes
Turn   | Place    | Note
--------------------------------------------------------------
     0 | D:1      | Duffy the Deep Elf Fire Elementalist began the quest for the Orb.
     0 | D:1      | Reached XP level 1. HP: 10/10 MP: 6/6
   111 | D:1      | Reached skill level 2 in Conjurations
   184 | D:2      | Noticed Natasha
   192 | D:2      | Killed Natasha
   192 | D:2      | Reached skill level 3 in Conjurations
   192 | D:2      | Reached XP level 2. HP: 15/15 MP: 5/8
   192 | D:2      | Reached XP level 3. HP: 19/19 MP: 5/9
   205 | D:2      | Learned a level 3 spell: Conjure Flame
   230 | D:2      | Found a faded altar to an unknown god.
   272 | D:2      | Noticed Natasha
   275 | D:2      | Killed Natasha
   380 | D:2      | Reached XP level 4. HP: 20/24 MP: 5/11
   386 | D:2      | Learned a level 4 spell: Sticky Flame
   522 | D:2      | Noticed Natasha
   635 | D:2      | Killed Natasha
   635 | D:2      | Reached skill level 4 in Conjurations
   635 | D:2      | Reached skill level 4 in Fire Magic
   999 | D:4      | Reached XP level 5. HP: 28/28 MP: 8/12
  1010 | D:4      | Found a shadowy altar of Dithmenos.
  1038 | D:4      | Reached skill level 4 in Spellcasting
  1140 | D:4      | Found a white marble altar of Elyvilon.
  1143 | D:4      | Found a shimmering altar of Xom.
  1227 | D:4      | Reached skill level 5 in Fire Magic
  1245 | D:4      | Reached XP level 6. HP: 32/32 MP: 11/14
  1293 | D:4      | Noticed Uberwunderbarhen's ghost (amateur OpBe)
  1357 | D:4      | Killed Uberwunderbarhen's ghost
  1357 | D:4      | Reached skill level 5 in Conjurations
  1408 | D:5      | Entered Level 5 of the Dungeon
  1452 | D:5      | Reached skill level 5 in Spellcasting
  1452 | D:5      | Reached skill level 6 in Fire Magic
  1452 | D:5      | Reached XP level 7. HP: 36/36 MP: 4/16
  1565 | D:5      | Reached skill level 6 in Conjurations
  2341 | D:6      | Identified Vuotis's Almanac of Vitriolic Changing (You found it on level 6 of the Dungeon)
  2407 | D:6      | Found a staircase to the Ecumenical Temple.
  2416 | Temple   | Entered the Ecumenical Temple
  2540 | Temple   | Became a worshipper of Cheibriados the Contemplative
  2661 | Temple   | Reached skill level 7 in Conjurations
  2661 | Temple   | Reached XP level 8. HP: 34/41 MP: 12/18
  2697 | Temple   | Learned a level 5 spell: Fireball
  2732 | Temple   | Reached skill level 7 in Fire Magic
  3392 | D:5      | Found a stormy altar of Qazlal.
  3664 | D:4      | Found Uceim's Distillery.
  3673 | D:4      | Bought a potion of lignification for 36 gold pieces
  3789 | D:4      | Reached * piety under Cheibriados
  3789 | D:4      | Reached skill level 8 in Fire Magic
  4223 | D:3      | Found a sparkling altar of Nemelex Xobeh.
  4723 | D:2      | Reached skill level 8 in Conjurations
  4917 | D:2      | Reached ** piety under Cheibriados
  6147 | D:6      | Reached skill level 1 in Fighting
  6195 | D:6      | Reached *** piety under Cheibriados
  6195 | D:6      | Reached skill level 3 in Dodging
  6381 | D:6      | Reached skill level 4 in Dodging
  6605 | D:7      | Reached skill level 2 in Fighting
  6923 | D:7      | Noticed Borgoz's ghost (novice HOAK)
  6923 | D:7      | Reached skill level 5 in Dodging
  6923 | D:7      | Reached XP level 9. HP: 47/49 MP: 2/19
  6956 | D:7      | Slain by Borgoz's ghost

Vault maps used:
D:1:      elethiomel_arrival_infinity_welcomes_careful_drivers,
          minmay_door_square, minivault_26
D:2:      ecumenical_altar_1, first_bread, small_statue_intersection,
          uniq_natasha
D:3:      nemelex_xobeh_ov_fountains_minmay
D:4:      nicolae_overflow_crystal_walls, grunt_temple_overflow_open,
          serial_shops, nicolae_shop_waterfront
D:5:      nicolae_qazlal_eye_of_the_storm
D:6:      minmay_temple_entry_glass
D:7:      basic_altar, item_on_display_a
Temple:   circular_temple_12

Vanquished Creatures
  The ghost of Uberwunderbarhen the Ducker, an amateur OpBe of Trog
  2 phantoms
  A sky beast
  An ogre
  2 centaurs
  A giant frog
  A gnoll sergeant
  2 scorpions
  A centaur zombie
  2 orc priests
  2 hounds
  2 jellies
  A centaur skeleton
  An iguana
  10 orc wizards
  Natasha (thrice)
  5 worker ants
  2 hound skeletons
  8 gnolls
  15 adders
  2 shadow imps
  An ooze
  An adder skeleton
  5 worms
  6 giant geckos
  25 orcs
  3 bats
  5 giant cockroaches
  10 goblins
  11 hobgoblins
  8 jackals
  8 kobolds
  4 quokkas
  A ball python skeleton
  3 giant newts
  9 rats
165 creatures vanquished.
